TOP OF THE 1ST |
State College Spikes batting - Pitching for Milwaukee (NYP) Brewers : RHP Adam Robinson
|
Pitching: RHP Adam Robinson
|
|
Batting: RHB Ben Politi
|
0-0: Ball 1-0: Ball 2-0: Ball 3-0: Called Strike 3-1: Foul Ball, location: 2F 3-2: Strikes out looking
|
Batting: RHB Juan Carrillo
|
0-0: Called Strike 0-1: Ball 1-1: Fly out, F6 (Line Drive, 56, EV 63.1 MPH)
|
Batting: LHB Ken Morehead
|
0-0: Ball 1-0: Called Strike 1-1: Ball 2-1: Foul Ball, location: 2F 2-2: Ball 3-2: Base on Balls
|
Batting: LHB Ken Compton
|
0-0: Foul Ball, location: 2F 0-1: Foul Ball, location: 2F 0-2: Ball 1-2: Ball 2-2: Fly out, F5 (Popup, 56, EV 76.9 MPH)
|
Top of the 1st over - 0 runs, 0 hits, 0 errors, 1 left on base; State College 0 - Milwaukee (NYP) 0 |
BOTTOM OF THE 1ST |
Milwaukee (NYP) Brewers batting - Pitching for State College Spikes : RHP Jake Newman
|
Pitching: RHP Jake Newman
|
|
Batting: RHB Jose Cerritos
|
0-0: Ball 1-0: Ball 2-0: Ground out 6-3 (Groundball, 6, EV 77.5 MPH)
|
Batting: RHB Manny Olave
|
0-0: Called Strike 0-1: Foul Ball, location: 2F 0-2: Ball 1-2: SINGLE (Line Drive, 78S, EV 105.6 MPH)
|
Batting: RHB Curtis Montgomery
|
0-0: Swinging Strike 0-1: Foul Ball, location: 2F 0-2: Ball 1-2: Foul Ball, location: 2F 1-2: Ball 2-2: Foul Ball, location: 2F 2-2: Hit by Pitch Manny Olave to second
|
Batting: LHB John Fortin
|
0-0: Ball 1-0: Foul Ball, location: 2F 1-1: Ball 2-1: Fly out, F8 (Flyball, 8RD, EV 100.0 MPH)
|
Batting: RHB Tony Beaumond
|
0-0: Ball 1-0: Ball 2-0: Called Strike 2-1: Ball 3-1: Base on Balls Manny Olave to third Curtis Montgomery to second
|
Batting: RHB Wiliama Dana
|
0-0: Ball 1-0: SINGLE (Line Drive, 6MD, EV 97.5 MPH) Manny Olave scores Curtis Montgomery to third Tony Beaumond to second Runner from 3rd tries for Home, SAFE, throw by CF to home
|
Now at SS: Justin Houser
|
|
Now in CF: Edgar Klockow
|
|
Batting: RHB Lorenzo Diaz
|
0-0: Ball 1-0: Ball 2-0: SINGLE (Groundball, 34D, EV 94.4 MPH) Tony Beaumond to third Wiliama Dana to second Runner from 3rd tries for Home, SAFE, throw by RF to home
|
Batting: SHB Robert Sayer
|
0-0: SINGLE (Groundball, 34D, EV 96.9 MPH) Wiliama Dana to third Lorenzo Diaz to second Runner from 3rd tries for Home, SAFE, throw by RF to home
|
Batting: RHB Juan Villanueva
|
0-0: Foul Ball, location: 2F 0-1: Ball 1-1: SINGLE (Groundball, 3D, EV 93.8 MPH) Lorenzo Diaz to third Robert Sayer to second Runner from 3rd tries for Home, throw by RF and OUT! 9-2
|
Bottom of the 1st over - 4 runs, 5 hits, 0 errors, 2 left on base; State College 0 - Milwaukee (NYP) 4 |
TOP OF THE 2ND |
State College Spikes batting - Pitching for Milwaukee (NYP) Brewers : RHP Adam Robinson
|
Batting: RHB Nelson Salamanca
|
0-0: Foul Ball, location: 2F 0-1: Ball 1-1: Foul Ball, location: 2F 1-2: Ball 2-2: Foul Ball, location: 2F 2-2: Fly out, F8 (Flyball, 8LXD, EV 96.9 MPH)
|
Batting: SHB Justin Houser
|
0-0: Called Strike 0-1: SOLO HOME RUN (Flyball, 89XD, EV 105.0 MPH), Distance : 415 ft
|
Batting: RHB Mario Carbajal
|
0-0: Foul Ball, location: 2F 0-1: Ball 1-1: DOUBLE (Line Drive, 9LD, EV 104.4 MPH)
|
Batting: RHB Edgar Klockow
|
0-0: Foul Ball, location: 2F 0-1: Swinging Strike 0-2: Foul Ball, location: 2F 0-2: Strikes out looking
|
Batting: RHB John James
|
0-0: Called Strike 0-1: Ball 1-1: Ball 2-1: Ground out 6-3 (Groundball, 6M, EV 91.9 MPH)
|
Top of the 2nd over - 1 run, 2 hits, 0 errors, 1 left on base; State College 1 - Milwaukee (NYP) 4 |
BOTTOM OF THE 2ND |
Milwaukee (NYP) Brewers batting - Pitching for State College Spikes : RHP Jake Newman
|
Batting: RHB Jose Cerritos
|
0-0: Called Strike 0-1: Swinging Strike 0-2: Strikes out swinging
|
Batting: RHB Manny Olave
|
0-0: Called Strike 0-1: Foul Ball, location: 2F 0-2: Ball 1-2: Ball 2-2: Ground out 4-3 (Groundball, 34D, EV 88.1 MPH)
|
Batting: RHB Curtis Montgomery
|
0-0: Called Strike 0-1: Foul Ball, location: 2F 0-2: Ground out 5-3 (Groundball, 15, EV 84.4 MPH)
|
Bottom of the 2nd over - 0 runs, 0 hits, 0 errors, 0 left on base; State College 1 - Milwaukee (NYP) 4 |
TOP OF THE 3RD |
State College Spikes batting - Pitching for Milwaukee (NYP) Brewers : RHP Adam Robinson
|
Batting: RHB Ben Politi
|
0-0: Called Strike 0-1: Foul Ball, location: 2F 0-2: Ball 1-2: Ball 2-2: Foul Ball, location: 2F 2-2: Ground out 4-3 (Groundball, 4, EV 81.9 MPH)
|
Batting: RHB Juan Carrillo
|
0-0: Swinging Strike 0-1: Foul Ball, location: 2F 0-2: Ball 1-2: Ball 2-2: Foul Ball, location: 2F 2-2: Strikes out looking
|
Batting: LHB Ken Morehead
|
0-0: Ball 1-0: Ball 2-0: Ball 3-0: Called Strike 3-1: Base on Balls
|
Batting: LHB Ken Compton
|
0-0: Called Strike 0-1: Ground out U3 (Groundball, 3L, EV 108.8 MPH)
|
Top of the 3rd over - 0 runs, 0 hits, 0 errors, 1 left on base; State College 1 - Milwaukee (NYP) 4 |
BOTTOM OF THE 3RD |
Milwaukee (NYP) Brewers batting - Pitching for State College Spikes : RHP Jake Newman
|
Batting: LHB John Fortin
|
0-0: Called Strike 0-1: Ball 1-1: Ball 2-1: Ball 3-1: Called Strike 3-2: Strikes out looking
|
Batting: RHB Tony Beaumond
|
0-0: Fly out, F7 (Flyball, 7, EV 73.1 MPH)
|
Batting: RHB Wiliama Dana
|
0-0: Called Strike 0-1: Ball 1-1: Ball 2-1: SINGLE (Groundball, 34D, EV 103.1 MPH)
|
Batting: RHB Lorenzo Diaz
|
0-0: Ball Wiliama Dana steals 2nd base 1-0: Foul Ball, location: 2F 1-1: Ball 2-1: Ball 3-1: Called Strike 3-2: Foul Ball, location: 2F 3-2: Strikes out swinging
|
Bottom of the 3rd over - 0 runs, 1 hit, 0 errors, 1 left on base; State College 1 - Milwaukee (NYP) 4 |
TOP OF THE 4TH |
State College Spikes batting - Pitching for Milwaukee (NYP) Brewers : RHP Adam Robinson
|
Batting: RHB Nelson Salamanca
|
0-0: Called Strike 0-1: Called Strike 0-2: Strikes out swinging
|
Batting: SHB Justin Houser
|
0-0: Fly out, F7 (Line Drive, 7, EV 98.8 MPH)
|
Batting: RHB Mario Carbajal
|
0-0: Swinging Strike 0-1: Ground out 4-3 (Groundball, 4, EV 108.1 MPH)
|
Top of the 4th over - 0 runs, 0 hits, 0 errors, 0 left on base; State College 1 - Milwaukee (NYP) 4 |
BOTTOM OF THE 4TH |
Milwaukee (NYP) Brewers batting - Pitching for State College Spikes : RHP Jake Newman
|
Batting: SHB Robert Sayer
|
0-0: Ball 1-0: SINGLE (Line Drive, 7LS, EV 103.1 MPH)
|
Batting: RHB Juan Villanueva
|
0-0: Called Strike 0-1: Foul Ball, location: 2F 0-2: Ball 1-2: Strikes out swinging
|
Batting: RHB Jose Cerritos
|
0-0: Ball 1-0: Swinging Strike 1-1: Ball 2-1: SINGLE (Groundball, 5S, EV 70.6 MPH) (infield hit) Robert Sayer to second
|
Batting: RHB Manny Olave
|
0-0: Fly out, F8 (Flyball, 8LXD, EV 93.1 MPH) Runner from 2nd tags up, SAFE at 3rd, no throw by CF
|
Batting: RHB Curtis Montgomery
|
0-0: Called Strike 0-1: Foul Ball, location: 2F 0-2: Ball 1-2: Foul Ball, location: 2F 1-2: Fly out, F7 (Line Drive, 78M, EV 90.0 MPH)
|
Bottom of the 4th over - 0 runs, 2 hits, 0 errors, 2 left on base; State College 1 - Milwaukee (NYP) 4 |
TOP OF THE 5TH |
State College Spikes batting - Pitching for Milwaukee (NYP) Brewers : RHP Adam Robinson
|
Batting: RHB Edgar Klockow
|
0-0: Ball 1-0: Foul Ball, location: 2F 1-1: DOUBLE (Flyball, 8LXD, EV 91.9 MPH)
|
Batting: RHB John James
|
0-0: Ball 1-0: Ground out 5-3 (Groundball, 56, EV 98.1 MPH)
|
Batting: RHB Ben Politi
|
0-0: Called Strike 0-1: Swinging Strike 0-2: SINGLE (Line Drive, 56, EV 100.6 MPH) Edgar Klockow to third
|
Batting: RHB Juan Carrillo
|
0-0: Ball Ben Politi steals 2nd base 1-0: Swinging Strike 1-1: Called Strike 1-2: Ball 2-2: Ball 3-2: Strikes out swinging
|
Batting: LHB Ken Morehead
|
0-0: Called Strike 0-1: Called Strike 0-2: Ball 1-2: Ball 2-2: Strikes out looking
|
Top of the 5th over - 0 runs, 2 hits, 0 errors, 2 left on base; State College 1 - Milwaukee (NYP) 4 |
BOTTOM OF THE 5TH |
Milwaukee (NYP) Brewers batting - Pitching for State College Spikes : RHP Jake Newman
|
Batting: LHB John Fortin
|
0-0: Ball 1-0: Ground out 4-3 (Groundball, 4, EV 85.6 MPH)
|
Now at 2B: Justin Houser
|
|
Now at SS: Shou-feng Chang
|
|
Batting: RHB Tony Beaumond
|
0-0: Ball 1-0: Ground out 5-3 (Groundball, 56S, EV 71.9 MPH)
|
Batting: RHB Wiliama Dana
|
0-0: Ground out 3-1 (Groundball, 13, EV 85.6 MPH)
|
Bottom of the 5th over - 0 runs, 0 hits, 0 errors, 0 left on base; State College 1 - Milwaukee (NYP) 4 |
TOP OF THE 6TH |
State College Spikes batting - Pitching for Milwaukee (NYP) Brewers : RHP Adam Robinson
|
Pitching: RHP Dustin Pryor
|
|
Batting: LHB Ken Compton
|
0-0: Called Strike 0-1: Foul Ball, location: 2F 0-2: Ball 1-2: Ground out U3 (Groundball, 3, EV 83.1 MPH)
|
Batting: RHB Nelson Salamanca
|
0-0: Ball 1-0: Foul Ball, location: 2F 1-1: Ball 2-1: Foul Ball, location: 2F 2-2: Ball 3-2: Foul Ball, location: 2F 3-2: Strikes out swinging
|
Batting: SHB Justin Houser
|
0-0: Called Strike 0-1: Ball 1-1: Ball 2-1: Ball 3-1: Base on Balls
|
Batting: RHB Mario Carbajal
|
0-0: Ball 1-0: Foul Ball, location: 2F 1-1: Ball Justin Houser is caught stealing 2nd base 2-4
|
Top of the 6th over - 0 runs, 0 hits, 0 errors, 0 left on base; State College 1 - Milwaukee (NYP) 4 |
BOTTOM OF THE 6TH |
Milwaukee (NYP) Brewers batting - Pitching for State College Spikes : RHP Jake Newman
|
Batting: RHB Lorenzo Diaz
|
0-0: Foul Ball, location: 2F 0-1: Called Strike 0-2: Ball 1-2: Ground out 3-1 (Groundball, 34, EV 102.5 MPH)
|
Batting: SHB Robert Sayer
|
0-0: Ball 1-0: Fly out, F9 (Flyball, 89M, EV 85.0 MPH)
|
Batting: RHB Juan Villanueva
|
0-0: Ball 1-0: Ball 2-0: Ball 3-0: Called Strike 3-1: Ground out 5-3 (Groundball, 56, EV 82.5 MPH)
|
Bottom of the 6th over - 0 runs, 0 hits, 0 errors, 0 left on base; State College 1 - Milwaukee (NYP) 4 |
TOP OF THE 7TH |
State College Spikes batting - Pitching for Milwaukee (NYP) Brewers : RHP Dustin Pryor
|
Batting: RHB Mario Carbajal
|
0-0: Ball 1-0: Called Strike 1-1: Foul Ball, location: 2F 1-2: Ground out 5-3 (Groundball, 56, EV 109.4 MPH)
|
Pitching: RHP Pat Spry
|
|
Batting: RHB Edgar Klockow
|
0-0: Called Strike 0-1: Ground out 6-3 (Groundball, 6, EV 110.0 MPH)
|
Batting: RHB John James
|
0-0: Called Strike 0-1: Ball 1-1: Ball 2-1: Swinging Strike 2-2: Strikes out swinging
|
Top of the 7th over - 0 runs, 0 hits, 0 errors, 0 left on base; State College 1 - Milwaukee (NYP) 4 |
BOTTOM OF THE 7TH |
Milwaukee (NYP) Brewers batting - Pitching for State College Spikes : RHP Jake Newman
|
Batting: RHB Jose Cerritos
|
0-0: Foul Ball, location: 2F 0-1: SINGLE (Groundball, 56D, EV 106.2 MPH)
|
Batting: RHB Manny Olave
|
0-0: Ball 1-0: Ball Jose Cerritos steals 2nd, throwing error, E2 Jose Cerritos to third 2-0: SINGLE (Groundball, 56D, EV 101.9 MPH) Jose Cerritos scores
|
Batting: RHB Curtis Montgomery
|
0-0: Ball 1-0: Foul Ball, location: 2F 1-1: Ball Manny Olave steals 2nd, throwing error, E2 Manny Olave to third 2-1: Ball 3-1: Called Strike 3-2: Strikes out looking
|
Batting: LHB John Fortin
|
0-0: Called Strike 0-1: Called Strike 0-2: Ball 1-2: Strikes out looking
|
Pitching: RHP Tim Watson
|
|
Batting: RHB Tony Beaumond
|
0-0: Called Strike 0-1: Swinging Strike 0-2: Ball 1-2: Ball 2-2: Strikes out looking
|
Bottom of the 7th over - 1 run, 2 hits, 2 errors, 1 left on base; State College 1 - Milwaukee (NYP) 5 |
TOP OF THE 8TH |
State College Spikes batting - Pitching for Milwaukee (NYP) Brewers : RHP Pat Spry
|
Batting: RHB Ben Politi
|
0-0: Called Strike 0-1: Swinging Strike 0-2: Strikes out looking
|
Batting: RHB Shou-feng Chang
|
0-0: Called Strike 0-1: Foul Ball, location: 2F 0-2: Ball 1-2: Strikes out looking
|
Batting: LHB Ken Morehead
|
0-0: Ball 1-0: Foul Ball, location: 2F 1-1: Ball 2-1: Fly out, F7 (Flyball, 78D, EV 86.2 MPH)
|
Top of the 8th over - 0 runs, 0 hits, 0 errors, 0 left on base; State College 1 - Milwaukee (NYP) 5 |
BOTTOM OF THE 8TH |
Milwaukee (NYP) Brewers batting - Pitching for State College Spikes : RHP Tim Watson
|
Batting: RHB Wiliama Dana
|
0-0: Ball 1-0: Called Strike 1-1: Ball 2-1: Ground out 4-3 (Groundball, 4, EV 85.6 MPH)
|
Batting: RHB Lorenzo Diaz
|
0-0: Ball 1-0: Foul Ball, location: 2F 1-1: Foul Ball, location: 2F 1-2: Ball 2-2: SINGLE (Groundball, 6MD, EV 104.4 MPH)
|
Batting: SHB Robert Sayer
|
0-0: Foul Ball, location: 2F 0-1: Foul Ball, location: 2F 0-2: Ball 1-2: Ball 2-2: Fielders Choice at 2nd, 6-4 (Groundball, 6, EV 102.5 MPH)
|
Batting: RHB Juan Villanueva
|
0-0: Called Strike 0-1: Hit by Pitch Robert Sayer to second
|
Batting: RHB Jose Cerritos
|
0-0: Fly out, F9 (Flyball, 89S, EV 95.0 MPH)
|
Bottom of the 8th over - 0 runs, 1 hit, 0 errors, 2 left on base; State College 1 - Milwaukee (NYP) 5 |
TOP OF THE 9TH |
State College Spikes batting - Pitching for Milwaukee (NYP) Brewers : RHP Pat Spry
|
Batting: LHB Ken Compton
|
0-0: Ball 1-0: Called Strike 1-1: Called Strike 1-2: Strikes out swinging
|
Batting: RHB Nelson Salamanca
|
0-0: Ball 1-0: Foul Ball, location: 2F 1-1: Ball 2-1: Swinging Strike 2-2: Foul Ball, location: 2F 2-2: Reached on error, E6 (Groundball, 6, EV 83.1 MPH)
|
Batting: SHB Justin Houser
|
0-0: Called Strike 0-1: Ball 1-1: Grounds into double play, 5-4-3 (Groundball, 6, EV 88.8 MPH)
|
Top of the 9th over - 0 runs, 0 hits, 1 error, 0 left on base; State College 1 - Milwaukee (NYP) 5 |
|